Map: Kairos Junction LE

Players

Snute - Winner!

  • Race: Zerg Zerg
  • Spawn Location: 5:00

SaLemandr

  • Race: Terran Terran
  • Spawn Location: 11:00

Event: 2019 WCS Spring

VOD

Have the link to the VOD?

Description

Time

  • Played on: May 17, 2019, 7:35 a.m.
  • Length: 10:29

All games in this series

Show
View Real Time Build Order
Export as new Build Order

Snute Zerg - Winner!

Build Orders: Hatch First 

Get SALT Encoding   

  12  0:00  Drone  
  13  0:12  Overlord  
  13  0:17  Drone  
  14  0:30  Drone x2  
  14  0:34  Drone  
  17  0:52  Hatchery  
  17  0:55  Drone  
  17  0:58  Drone  
  17  1:02  Extractor  
  17  1:13  Spawning Pool  
  17  1:17  Drone  
  17  1:20  Drone  
  18  1:28  Drone  
  19  1:38  Overlord  
  19  1:52  Drone  
  20  1:59  Queen  
  22  2:01  Metabolic Boost  
  22  2:03  Queen  
  22  2:05  Zergling x2  
  22  2:08  Zergling x2  
  26  2:11  Zergling x2  
  26  2:15  Drone  
  28  2:21  Drone  
  29  2:25  Drone  
  30  2:32  Drone  
  30  2:36  Drone  
  32  2:37  Queen  
  32  2:44  Overlord  
  34  2:46  Drone  
  35  2:53  Drone  
  36  2:59  Overlord  
  37  3:05  Drone  
  37  3:09  Drone x3  
  37  3:10  Drone  
  37  3:12  Overlord  
  41  3:13  Drone x2  
  41  3:17  Overlord  
  44  3:20  Drone  
  44  3:28  Drone  
  44  3:31  Hatchery, Drone  
  45  3:35  Extractor  
  45  3:36  Queen  
  45  3:38  Drone x2  
  48  3:41  Drone  
  48  3:42  Drone  
  48  3:44  Drone  
  48  3:46  Drone  
  52  3:50  Queen  
  52  3:52  Drone  
  52  3:53  Drone  
  56  3:58  Zergling x2  
  57  4:08  Zergling x4  
  58  4:11  Overlord  
  58  4:13  Lair  
  58  4:14  Baneling Nest  
  58  4:15  Overlord  
  57  4:23  Zergling x2  
  58  4:24  Overlord, Drone  
  58  4:25  Drone  
  58  4:31  Overlord x3  
  60  4:35  Drone  
  60  4:38  Queen  
  61  4:44  Queen  
  65  4:46  Drone x2  
  65  4:48  Drone  
  65  4:50  Drone  
  65  4:51  Drone  
  65  4:52  Drone  
  71  4:55  Zergling x2  
  71  4:56  Zergling x4  
  71  4:57  Drone  
  71  4:58  Drone  
  76  5:01  Drone  
  76  5:05  Drone x2  
  79  5:10  Centrifical Hooks  
  79  5:14  Drone x2  
  81  5:15  Evolution Chamber x2, Spore Crawler  
  81  5:20  Drone x4  
  81  5:22  Drone  
  81  5:28  Zergling x2  
  78  5:37  Drone x5  
  83  5:43  Spore Crawler x2, Extractor x2  
  83  5:45  Zerg Ground Armor Level 1  
  83  5:46  Zerg Melee Weapons Level 1  
  83  5:48  Drone x2  
  81  5:50  Extractor  
  80  5:57  Hatchery  
  80  6:02  Drone  
  80  6:03  Drone  
  81  6:06  Hatchery  
  80  6:12  Drone x3  
  80  6:13  Drone x2  
  80  6:15  Drone x2  
  80  6:16  Zergling x8  
  80  6:17  Zergling x2  
  92  6:18  Zergling x2  
  92  6:24  Burrow  
  92  6:27  Zergling x2  
  92  6:28  Zergling x8  
  97  6:39  Overlord x2  
  97  6:46  Zergling x12  
  103  6:53  Overlord  
  103  6:54  Overlord  
  103  7:02  Baneling x21  
  103  7:03  Baneling x9  
  103  7:06  Drone x4  
  103  7:07  Drone x3  
  110  7:13  Zergling x8  
  110  7:14  Zergling x4  
  114  7:27  Zergling x16  
  108  7:34  Drone  
  108  7:35  Drone x6  
  114  7:47  Zergling x26  
  114  7:49  Queen  
  114  7:50  Zerg Ground Armor Level 2  
  129  7:53  Zerg Melee Weapons Level 2  
  129  8:03  Baneling x3  
  129  8:04  Baneling x17  
  129  8:05  Zergling x2  
  129  8:06  Zergling x10  
  135  8:21  Infestation Pit  
  129  8:33  Zergling x12  
  129  8:34  Zergling x32  
  145  8:51  Zergling x10  
  145  8:54  Overlord x2  
  150  8:59  Overlord x2  
  150  9:01  Spore Crawler  
  149  9:04  Hatchery  
  145  9:19  Zergling x2  
  145  9:20  Zergling x32  
  154  9:43  Zergling x20  
  154  9:44  Zergling x12  
  151  9:49  Baneling  
  151  9:50  Baneling x47  
  149  9:55  Zergling x10  
  154  10:00  Zergling x12  
  154  10:03  Zergling x4  
  154  10:05  Baneling x8  
Show
View Real Time Build Order
Export as new Build Order

SaLemandr Terran 

Build Orders: Hellion Opening, Reaper Expand 

Get SALT Encoding   

  12  0:00  SCV  
  13  0:13  SCV  
  14  0:18  Supply Depot  
  14  0:25  SCV  
  15  0:39  SCV  
  15  0:41  Barracks  
  16  0:46  Refinery  
  16  0:51  SCV  
  17  1:03  SCV  
  18  1:15  SCV  
  19  1:28  Orbital Command  
  19  1:30  Reaper  
  20  1:45  Command Center  
  20  1:53  SCV  
  20  1:54  Supply Depot  
  21  2:01  Marine  
  21  2:07  SCV  
  23  2:09  Factory  
  23  2:17  Refinery  
  23  2:20  SCV  
  23  2:22  Barracks Reactor  
  24  2:32  SCV  
  25  2:45  SCV  
  26  2:54  Starport  
  26  2:57  Orbital Command  
  26  3:07  SCV  
  26  3:12  Hellion x2  
  31  3:13  Barracks Tech Lab  
  32  3:20  SCV  
  32  3:23  SCV  
  33  3:32  SCV  
  33  3:33  Hellion x2  
  38  3:34  Viking  
  38  3:35  Supply Depot  
  38  3:39  Marine  
  38  3:40  Stimpack  
  41  3:43  SCV  
  41  3:44  SCV  
  43  3:54  Hellion  
  46  3:55  SCV  
  46  3:57  Hellion  
  46  3:59  Supply Depot  
  46  4:00  Marine  
  46  4:02  SCV  
  50  4:07  Medivac  
  50  4:08  SCV  
  53  4:15  SCV  
  54  4:20  SCV  
  54  4:22  Supply Depot  
  55  4:27  Marine  
  55  4:28  Command Center  
  55  4:29  SCV  
  57  4:40  Starport Reactor  
  57  4:41  Barracks  
  57  4:43  Factory Tech Lab  
  57  4:57  SCV x2  
  57  4:59  Supply Depot  
  59  5:02  Siege Tank, Marine  
  59  5:03  Barracks  
  63  5:09  SCV x2, Engineering Bay x2  
  65  5:20  Marine  
  66  5:21  SCV x2  
  66  5:33  SCV  
  66  5:34  SCV, Marine x2  
  68  5:42  Orbital Command  
  68  5:43  Terran Infantry Weapons Level 1  
  68  5:44  Terran Infantry Armor Level 1  
  68  5:45  SCV  
  68  5:46  SCV  
  68  5:47  Refinery  
  68  5:48  Refinery  
  70  5:50  Starport Reactor  
  70  5:53  Combat Shield, Marine x2  
  72  5:57  Barracks  
  72  5:58  SCV x2  
  72  5:59  Marine  
  72  6:00  Barracks  
  72  6:01  Marine x2  
  72  6:03  Orbital Command  
  77  6:10  SCV  
  77  6:11  Marine  
  78  6:12  SCV  
  78  6:14  Marine  
  78  6:16  Siege Tank  
  78  6:17  Marine  
  85  6:21  Supply Depot  
  85  6:22  Armory, SCV  
  85  6:24  SCV  
  87  6:30  Marine x2  
  87  6:32  Marine  
  90  6:34  SCV  
  90  6:36  SCV  
  92  6:42  Medivac  
  92  6:43  Marine  
  95  6:48  Marine  
  95  6:49  Barracks Reactor x2  
  95  6:50  Siege Tank, Marine x2  
  101  6:57  Supply Depot  
  101  6:58  Supply Depot  
  101  6:59  Supply Depot  
  101  7:08  Supply Depot  
  101  7:09  Supply Depot  
  101  7:11  Terran Vehicle Weapons Level 1  
  101  7:19  SCV, Marine x5  
  106  7:28  Marine x4  
  106  7:29  Siege Tank  
  78  7:36  Marine x4  
  78  7:37  Marine  
  80  7:39  Terran Infantry Weapons Level 2  
  80  7:41  SCV  
  82  7:46  SCV, Refinery, Marine x2  
  82  7:47  Refinery  
  82  7:50  SCV, Marine  
  87  7:52  Marine  
  87  7:54  Terran Infantry Armor Level 2, Marine x2  
  87  7:58  Marine x2, Barracks x3  
  90  7:59  Marine  
  90  8:03  Marine  
  90  8:04  Marine  
  95  8:05  SCV x2  
  95  8:08  Marine  
  95  8:09  Marine  
  95  8:12  Siege Tank, Marine  
  103  8:14  Supply Depot  
  103  8:15  Marine, Supply Depot x2  
  103  8:16  Marine  
  103  8:29  Marine x2  
  103  8:34  Marine x2  
  103  8:39  Marine x3  
  108  8:41  Marine  
  108  8:42  Marine  
  108  8:44  Medivac x2, Siege Tank  
  108  8:46  Marine  
  108  8:47  Marine  
  108  8:48  Barracks Reactor  
  120  8:49  Barracks Tech Lab  
  120  8:50  Barracks Reactor  
  118  8:57  SCV x2, Marine  
  118  8:58  Marine x4  
  118  8:59  Marine  
  126  9:03  SCV  
  126  9:09  SCV  
  128  9:10  Marine x2  
  128  9:12  Marine x2  
  128  9:15  Marine x2  
  128  9:16  Siege Tank  
  137  9:20  Marine x3  
  137  9:23  Orbital Command  
  140  9:31  Marine x8  
  140  9:32  Concussive Shells  
  140  9:33  Marine  
  135  9:53  Supply Depot x2  
Tags
 
Add a new tag
Caveats
  • Supply blocks, unpowered buildings, or Contaminate may cause inaccurate times.
  • Supply counts are checked every 10 seconds.